 Dungeon Crawl Stone Soup version 0.28-a0-834-g1a73be5ee4 (webtiles) character file.

Game seed: 1922634584898613227

2 croobank the Digger (level 1, -1/14 HPs)
             Began as a Draconian Earth Elementalist on Nov 11, 2021.
             Slain by a kobold (4 damage)
             ... on level 1 of the Dungeon.
             The game lasted 00:00:57 (257 turns).

croobank the Digger (Draconian Earth Elementalist)   Turns: 257, Time: 00:00:58

Health: -1/14      AC:  4    Str: 10    XL:     1   Next: 25%
Magic:  11/12      EV: 12    Int: 15    God:
Gold:   7          SH:  0    Dex: 11    Spells: 3/4 levels left

rFire   . . .      SeeInvis .   (no weapon)
rCold   . . .      Faith    .   (no shield)
rNeg    + . .      Spirit   .   (armour unavailable)
rPois   .          Reflect  .   (helmet restricted)
rElec   .          Harm     .   (no cloak)
rCorr   .          Rampage  .   (no gloves)
Will    .....                   (no boots)
Stlth   ++........              (no amulet)
HPRegen 0.04/turn               a - ring of magical power
MPRegen 0.13/turn               c - ring of positive energy

@: lethally poisoned (-1 -> -5)
A: AC +4, unfitting armour, cold-blooded
a: no special abilities


You were on level 1 of the Dungeon.
You visited 1 branch of the dungeon, and saw 1 of its levels.

You collected 7 gold pieces.

Inventory:

Missiles
 b - 29 stones
Jewellery
 a - a ring of magical power (left hand)
 c - a ring of positive energy (right hand)


   Skills:
 + Level 1.9 Dodging
 + Level 1.7 Stealth
 + Level 2.0 Spellcasting
 + Level 1.0 Transmutations
 + Level 3.0 Earth Magic


You had 3 spell levels left.
You knew the following spells:

 Your Spells              Type           Power      Damage    Failure   Level
a - Sandblast             Erth           20%        2d7       6%          1

Your spell library contained the following spells:

 Spells                   Type           Power      Damage    Failure   Level
 Passwall                 Tmut/Erth      5%         N/A       14%         2
 Stone Arrow              Conj/Erth      12%        3d7       34%         3
 Petrify                  Tmut/Erth      7%         N/A       67%         4


Dungeon Overview and Level Annotations

Branches:
Dungeon (1/15)

Altars:


Innate Abilities, Weirdness & Mutations

Your plain brown scales are hard. (AC +4)
You cannot fit into any form of body armour.
You are cold-blooded and may be slowed by cold attacks.


Message History

You closely miss the frilled lizard. You tail-slap the frilled lizard.
You kill the frilled lizard!
c - a ring of positive energy You see here a +0 helmet.
c - a ring of positive energy (right hand)
A kobold comes into view. It is wielding a +1 dagger of venom.
The kobold shouts!
The kobold throws a stone.
The stone closely misses you.
You hit the kobold.
The kobold is moderately wounded.
The kobold closely misses you.
You hit the kobold but do no damage.
The kobold is moderately wounded.
The kobold closely misses you.
You closely miss the kobold.
Your tail-slap misses the kobold.
The kobold is moderately wounded.
The kobold hits you with a +1 dagger of venom.
You barely miss the kobold.
The kobold is moderately wounded.
The kobold hits you with a +1 dagger of venom.
You are lethally poisoned!
You hit the kobold.
The kobold is moderately wounded.
You feel very sick. The kobold barely misses you.
You hit the kobold.
The kobold is heavily wounded.
You feel sick. The kobold hits you but does no damage.
You hit the kobold but do no damage.
The kobold is heavily wounded.
You feel sick. The kobold closely misses you.
Aiming: Sandblast (safe; 6% risk of failure)
Press: ? - help, Q - select action, (/) - cycle Shift-Dir - straight line, f - kobold
Aim: a kobold, wielding a +1 dagger of venom and quivering stones (heavily wounded, 74% to hit)
The blast of sand hits the kobold.
The kobold is severely wounded.
* * * LOW HITPOINT WARNING * * *
You feel sick.
The kobold hits you with a +1 dagger of venom.
You die...

#.# #.# #.#
#.##########.### #.#
#..........#...###.#
##########.###.#...#
#.........#.#.#######
#.###...#.#.#.##....#
#.......#.##....#
#.###########.##....#
#...K@....# #.##....#
#########.# #.......#
#.# ####.#### #.# #.#
#.# ####'##### #.#
#.........
##.###.........
#....[.........
###..###.........


You could see a kobold.

Vanquished Creatures
  A hobgoblin (D:1)
  A frilled lizard (D:1)
2 creatures vanquished.

Notes
Turn   | Place    | Note
-------+----------+-------------------------------------------
     0 | D:1      | croobank the Draconian Earth Elementalist began the quest
                  | for the Orb.
     0 | D:1      | Reached XP level 1. HP: 14/14 MP: 3/3
   257 | D:1      | Slain by a kobold

Illustrated notes

Levels and vault maps discovered:
D:1:      sevenhm_arrival_forest_fort_large_4, layout_basic

Action                   || total
-------------------------++-------
Melee: Unarmed           ||    11
       Tailslap          ||     3
 Cast: Sandblast         ||     1
 Stab: Sleeping          ||     1
Armor: Skin              ||     2
Dodge: Dodged            ||     6

Table legend: (Time is in decaauts)
 A = Elapsed time spent in this place.
 B = Non-inter-level travel time spent in this place.
 C = Inter-level travel time spent in this place.
 D = Time resting spent in this place.
 E = Time spent auto-exploring this place.
 F = Levels seen in this place.
 G = Mean time per level.
                   A        B        C        D        E       F      G
               +--------+--------+--------+--------+--------+-----+--------+
         Total |    256 |    256 |      0 |      0 |    221 |   1 |  256.0 |
       Dungeon |    256 |    256 |      0 |      0 |    221 |   1 |  256.0 |
               +--------+--------+--------+--------+--------+-----+--------+

Top non-repeatable levels by time:
     D:1: 256 daAuts
